 Dungeon Crawl Stone Soup version 0.21-a0-142-gdd972a7 (webtiles) character file.

22 Gorice the Grave Robber (level 2, 0/19 HPs)
             Began as a Demonspawn Necromancer on July 22, 2017.
             Succumbed to an adder's poison
             ... on level 2 of the Dungeon.
             The game lasted 00:03:05 (918 turns).

Gorice the Grave Robber (Demonspawn Necromancer)     Turns: 918, Time: 00:03:05

Health: 0/19       AC:  3    Str:  8    XL:     2   Next: 68%
Magic:  4/5        EV: 11    Int: 16    God:
Gold:   80         SH:  4    Dex: 13    Spells: 3/5 levels left

rFire    . . .     SeeInvis .   (no weapon)
rCold    . . .     Gourm    .   (no shield)
rNeg     . . .     Faith    .   e - +0 leather armour (curse)
rPois    .         Spirit   .   (no helmet)
rElec    .         Reflect  .   (no cloak)
rCorr    .         Harm     .   (no gloves)
MR       .....                  (no boots)
Stlth    ++........             (no amulet)
HPRegen  0.06/turn              (no ring)
MPRegen  0.09/turn              (no ring)

@: lethally poisoned (0 -> -11)
A: large bone plates 1
a: no special abilities


You were on level 2 of the Dungeon.
You were hungry.

You visited 1 branch of the dungeon, and saw 2 of its levels.

You collected 80 gold pieces.

Inventory:

Missiles
 Z - 30 stones (quivered)
Armour
 a - a +0 robe
 e - a cursed +0 leather armour (worn)
 g - a +0 chain mail
Scrolls
 f - a scroll of blinking {unknown}
Books
 b - a book of Necromancy
Comestibles
 c - 2 bread rations {!e}
 d - 2 chunks of flesh


   Skills:
 - Level 1.7 Dodging
 - Level 1.7 Stealth
 - Level 2.0 Spellcasting
 * Level 5.3 Necromancy


You had 3 spell levels left.
You knew the following spells:

 Your Spells              Type           Power        Failure   Level  Hunger
a - Pain                  Necr           ###.         3%          1    #......
b - Animate Skeleton      Necr           N/A          3%          1    #......


Dungeon Overview and Level Annotations

Branches:
Dungeon (2/15)

Altars:


Innate Abilities, Weirdness & Mutations

You are partially covered in large bone plates. (SH +4)


Message History

Confirm with . or Enter, or press ? or * to list all spells.
Aiming: Pain
Press: ? - help, Shift-Dir - straight line, f/p - frilled lizard
Aim: a frilled lizard (chance to defeat MR: 89%)
The frilled lizard writhes in agony!
You kill the frilled lizard!
Damage: 1 (max 1)
You see here a frilled lizard corpse.
Casting: Pain
Confirm with . or Enter, or press ? or * to list all spells.
You attempt to give life to the dead...
Before your eyes, flesh is ripped from the corpse!
The dead are walking!
d - 2 chunks of flesh (gained 1)
c - 2 bread rations {!e} (gained 1)
A worm comes into view.
Casting: Animate Skeleton
Confirm with . or Enter, or press ? or * to list all spells.
Aiming: Pain
Press: ? - help, Shift-Dir - straight line, f - worm
Aim: a worm (chance to defeat MR: 84%)
Okay, then.
An adder comes into view.
The adder hisses angrily.
Found a stone staircase leading down.
An adder comes into view.
You are feeling hungry.
The adder bites you. You block the adder's attack.
Found a leather armour.
Damage: 4 (max 4) Unknown command.
The adder bites you.
Damage: 3 (max 4)
The adder bites you.
Damage: 2 (max 4)
The adder bites you.
* * * LOW HITPOINT WARNING * * *
You are lethally poisoned!
The adder poisons you! The adder bites you.
* * * LOW HITPOINT WARNING * * *
You are more poisoned.
The adder poisons you!
Damage: 9 (max 9)
Casting: Pain
Confirm with . or Enter, or press ? or * to list all spells.
Aiming: Pain
Press: ? - help, Shift-Dir - straight line, f - adder
Aim: an adder (chance to defeat MR: 84%)
The adder writhes in agony!
You die...

#.# #.# #.# #.# #.# #.#
########### ## #.#
#######.........S .. #.#
#.....>.S..##### .# ##.#
#.#####@##.# ###.### #..#
#.##.# #...... #.## #.#
#.##.# #...?.. #.# #.#
#.##.#######...... #.# #.#
#.##.Z..Z..w...... #.# #.#
#.##########...... #.# #.#
#.# #.Z....... #.#
###.#####.#######.##.###..
##.#####.........##.......#.#
.


You could see an adder.

Vanquished Creatures
  A dart slug (D:1)
  A leopard gecko (D:1)
  A ball python (D:1)
  4 bats (D:1)
  A goblin (D:1)
  A hobgoblin (D:1)
  2 kobolds (D:1)
  3 frilled lizards
  2 rats (D:1)
16 creatures vanquished.

Vanquished Creatures (collateral kills)
  A goblin (D:1)
  A hobgoblin (D:1)
2 creatures vanquished.

Grand Total: 18 creatures vanquished

Notes
Turn   | Place    | Note
-------+----------+-------------------------------------------
     0 | D:1      | Gorice the Demonspawn Necromancer began the quest for the Orb.
     0 | D:1      | Reached XP level 1. HP: 13/13 MP: 3/3
    20 | D:1      | Learned a level 1 spell: Animate Skeleton
   363 | D:1      | Gained mutation: You are partially covered in large bone plates. (SH +4) [demonic ancestry]
   363 | D:1      | Reached XP level 2. HP: 18/19 MP: 1/5
   498 | D:1      | Reached skill level 5 in Necromancy
   917 | D:2      | HP: 5/19 [adder (5)]
   917 | D:2      | HP: 1/19 [adder (4)]
   918 | D:2      | Succumbed to an adder's poison

Vault maps used:
D:1:      nicolae_arrival_memento_mori
D:2:      zin_angel, lemuel_doored_altar, nemelex_xobeh_ov_fountains_minmay,
          minmay_misc_feat_nine_boxes, wad_orctagon

Skill      XL: |  1  2 |
---------------+-------+-----
Necromancy     | 5 |  5.3
Dodging        | |  1.7
Stealth        | |  1.7
Spellcasting   | |  2.0

Action                   || total
-------------------------++-------
Melee: Unarmed           ||     3
 Cast: Pain              ||    27
       Animate Skeleton  ||    10
Armor: Robe              ||     2
Dodge: Dodged            ||     3
Block: Other             ||     2

Table legend:
 A = Turns spent in this place as a percentage of turns spent in the entire game.
 B = Non-inter-level travel turns spent in this place as a percentage of non-inter-level travel turns spent in the entire game.
 C = Inter-level travel turns spent in this place as a percentage of turns spent in this place.
 D = Turns resting spent in this place as a percentage of non-inter-level travel turns spent in this place.
 E = Turns spent auto-exploring this place as a percentage of non-inter-level travel turns spent in this place.
 F = Non-inter-level travel turns spent in this place divided by the number of levels of this place that you've seen.
                   A       B       C       D       E      F
               +-------+-------+-------+-------+-------+----------------------
         Total | 100.0 | 100.0 |   0.4 |   6.7 |   7.5 | 119.5
       Dungeon | 100.0 | 100.0 |   0.4 |   6.7 |   7.5 | 119.5
               +-------+-------+-------+-------+-------+----------------------

Vault maps used:
D:1:      nicolae_arrival_memento_mori
D:2:      zin_angel, lemuel_doored_altar, nemelex_xobeh_ov_fountains_minmay,
          minmay_misc_feat_nine_boxes, wad_orctagon
